 Dungeon Crawl Stone Soup version 0.25.1-2-g60ff931df9 (webtiles) character file.

Game seed: 11769167536507904726

1381 DogServant the Ruffian (level 8, -26/59 HPs)
             Began as a Centaur Transmuter on Oct 18, 2020.
             Was a Believer of Makhleb.
             Annihilated by an orc warrior
             ... wielding a +0 great sword
              (31 damage)
             ... on level 6 of the Dungeon.
             The game lasted 00:11:18 (8469 turns).

DogServant the Ruffian (Centaur Transmuter)         Turns: 8469, Time: 00:11:18

Health: -26/59     AC:  2    Str: 16    XL:     8   Next: 39%
Magic:  6/10       EV: 18    Int: 12    God:    Makhleb [**....]
Gold:   258        SH:  0    Dex: 14    Spells: 4/10 levels left

rFire    . . .     SeeInvis .     - Unarmed
rCold    . . .     Gourm    .   (shield currently unavailable)
rNeg     . . .     Faith    .   (armour currently unavailable)
rPois    x         Spirit   .   (helmet currently unavailable)
rElec    .         Reflect  .   (cloak currently unavailable)
rCorr    .         Harm     .   (gloves currently unavailable)
MR       .....                  (no barding)
Stlth    ..........             (no amulet)
HPRegen  0.19/turn              k - ring of attention (curse)
MPRegen  0.12/turn              (no ring)

@: spider-form (expiring)
A: tiny
a: End Transformation, Minor Destruction, Renounce Religion


You were on level 6 of the Dungeon.
You worshipped Makhleb.
Makhleb was pleased with you.
You were not hungry.
You were a venomous arachnid creature.
You visited 1 branch of the dungeon, and saw 6 of its levels.

You collected 258 gold pieces.

Inventory:

Missiles
 a - 83 arrows
 n - 17 poisoned darts (quivered)
Armour
 b - a +0 robe (melded)
 c - a +0 leather armour of fire resistance
 e - a +0 cloak (melded)
 t - a +0 buckler
Jewellery
 k - a cursed ring of attention (left front leg)
 q - an uncursed ring of fire
Wands
 r - a wand of digging (4)
 x - a wand of clouds (5)
Scrolls
 f - 2 scrolls of enchant armour {unknown}
 g - 4 scrolls of magic mapping
 m - a scroll of amnesia
 p - 3 scrolls of remove curse
 v - a scroll of silence {unknown}
 y - 2 scrolls of fear {unknown}
 z - a scroll of noise {unknown}
Potions
 h - 3 potions of curing
 i - a potion of degeneration
 j - a potion of cancellation
 l - a potion of heal wounds
 o - 3 potions of might
 s - a potion of mutation {unknown}
 u - a potion of lignification
Comestibles
 d - 7 rations
 w - a chunk of flesh


   Skills:
 - Level 1.0 Fighting
 - Level 1.3 Dodging
 + Level 7.9 Unarmed Combat
 - Level 1.5 Spellcasting
 + Level 6.9 Transmutations


You had 4 spell levels left.
You knew the following spells:

 Your Spells              Type           Power        Failure   Level  Hunger
a - Beastly Appendage     Tmut           ###...       7%          1    ##.....
b - Sticks to Snakes      Tmut           ###.....     10%         2    ###....
c - Spider Form           Tmut/Pois      #.........   41%         3    ####...

Your spell library contained the following spells:

 Spells                   Type           Power        Failure   Level  Hunger
 Summon Small Mammal      Summ           #...         50%         1    ##.....
 Call Imp                 Summ           #.......     63%         2    ###....
 Ice Form                 Ice/Tmut       #.......     77%         4    #####..
 Call Canine Familiar     Summ           #.......     83%         3    ####...
 Summon Guardian Golem    Hex/Summ       #.......     83%         3    ####...
 Summon Ice Beast         Ice/Summ       #.......     99%         4    #####..
 Summon Lightning Spire   Summ/Air       #.......     99%         4    #####..
 Blade Hands              Tmut           ###.......   63%         5    ######.


Dungeon Overview and Level Annotations

Branches:
Dungeon (6/15)             Temple (0/1) D:5

Altars:
Elyvilon
Fedhas
Kikubaaqudgha
Makhleb
Okawaru
Trog
The Shining One


Innate Abilities, Weirdness & Mutations

((You have hooves in place of feet.))
((Armour fits poorly on your strangely shaped body.))
((You cover ground very quickly.))
((You have extremely tough skin. (AC +3)))


Message History

The orc warrior closely misses you.
The gnoll sergeant hits you from afar with a +0 trident!
* * * LOW HITPOINT WARNING * * *
The gnoll sergeant hits you from afar with a +0 trident.
* * * LOW HITPOINT WARNING * * *
The orc warrior closely misses you.
You bite the orc warrior!
The orc warrior is poisoned.
The orc warrior is lightly wounded.
You completely miss the orc warrior.
The orc warrior is moderately wounded.
Your transformation is almost over.
The gnoll sergeant looks more healthy.
The orc warrior hits you with a +0 great sword.
* * * LOW HITPOINT WARNING * * *
The gnoll sergeant barely misses you.
You barely miss the orc warrior.
The orc warrior is moderately wounded.
The orc warrior hits you with a +0 great sword!!
Ouch! That really hurt!
You die...

#....###.).## ###..
#.....###..## ##.
#......##..## ##.
..###......# #.. .
##.....## #..
..#######..##..# #..
........#..# #..## #..
........#..# ##..## ##..
...###...s# ##..#####...
...#)#...o# ##.........##
...###..g## ##..........#
..........###....##.....#
#.........#....###...#..##
..........)...## #...#...#
.............## #.....#..#
..#######....# #......##..
#.................


You could see an orc warrior (berserk, very poisoned) and a gnoll sergeant.

Vanquished Creatures
  Edmund (D:4)
  An orc warrior (D:6)
  2 phantoms
  A centaur (D:6)
  An ogre (D:6)
  A gnoll sergeant (D:6)
  2 bullfrogs (D:6)
  A howler monkey (D:6)
  A centaur zombie (D:6)
  A jelly (D:4)
  An orc priest (D:6)
  2 orc wizards
  3 worker ants (D:4)
  A worker ant zombie (D:5)
  8 adders
  An ooze (D:2)
  An adder skeleton (D:5)
  4 worms
  7 dart slugs
  5 leopard geckos
  18 orcs
  8 bats
  4 giant cockroaches
  7 goblins
  7 hobgoblins
  2 quokkas
  5 frilled lizards
  8 kobolds
  A leopard gecko skeleton (D:6)
  2 rats
107 creatures vanquished.

Vanquished Creatures (collateral kills)
  Menkaure (D:4)
  A phantom (D:6)
  A worm (D:2)
3 creatures vanquished.

Grand Total: 110 creatures vanquished

Notes
Turn   | Place    | Note
-------+----------+-------------------------------------------
     0 | D:1      | DogServant the Centaur Transmuter began the quest for the
                  | Orb.
     0 | D:1      | Reached XP level 1. HP: 16/16 MP: 3/3
   176 | D:1      | Reached XP level 2. HP: 22/23 MP: 2/4
  1367 | D:2      | Reached XP level 3. HP: 28/28 MP: 3/5
  1371 | D:2      | Learned a level 2 spell: Sticks to Snakes
  1422 | D:2      | Found a white marble altar of Elyvilon.
  1752 | D:2      | Found a burning altar of Makhleb.
  1806 | D:2      | Became a worshipper of Makhleb the Destroyer
  2051 | D:2      | Found a glowing golden altar of the Shining One.
  2056 | D:2      | Reached skill level 4 in Unarmed Combat
  2224 | D:2      | Found a faded altar of an unknown god.
  2302 | D:2      | Found an iron altar of Okawaru.
  2351 | D:2      | Reached XP level 4. HP: 35/35 MP: 2/6
  2549 | D:2      | Learned a level 3 spell: Spider Form
  3034 | D:3      | Found a bloodstained altar of Trog.
  3275 | D:3      | Reached * piety under Makhleb
  3850 | D:3      | Reached XP level 5. HP: 39/40 MP: 5/7
  4379 | D:4      | Noticed Edmund
  4546 | D:4      | Killed Edmund
  4546 | D:4      | Reached skill level 5 in Unarmed Combat
  4546 | D:4      | Reached XP level 6. HP: 23/47 MP: 3/8
  4719 | D:4      | Noticed Menkaure
  4731 | D:4      | Killed Menkaure
  5587 | D:4      | Reached skill level 6 in Unarmed Combat
  5587 | D:4      | Reached skill level 5 in Transmutations
  5587 | D:4      | Reached XP level 7. HP: 20/52 MP: 4/9
  6404 | D:5      | Entered Level 5 of the Dungeon
  6533 | D:5      | Found a blossoming altar of Fedhas.
  6637 | D:5      | Found a staircase to the Ecumenical Temple.
  6657 | D:5      | Reached ** piety under Makhleb
  6763 | D:5      | Found an ancient bone altar of Kikubaaqudgha.
  7788 | D:6      | Reached skill level 7 in Unarmed Combat
  7958 | D:6      | Reached XP level 8. HP: 44/59 MP: 8/10
  8469 | D:6      | Annihilated by an orc warrior

Illustrated notes

Levels and vault maps discovered:
D:1:      dpeg_arrival_ternary, layout_basic, kennysheep_small_spiral
D:2:      layout_basic, tso_altar, overflow_temple_1_default,
          kennysheep_okawaru_gauntlet, marbit_many_paths,
          chequers_ecumenical_altar_grove, fountainhead
D:3:      layout_basic, bloody_trog
D:4:      layout_basic, uniq_edmund, uniq_menkaure
D:5:      layout_loops_ring, fedhas_altar_3, kiku_gazebo_pond_becter,
          minmay_temple_entry_statues, first_ration
D:6:      layout_layer_cave, sword_in_stone

Skill      XL: |  1  2  3  4  5  6  7 |
---------------+----------------------+-----
Transmutations | 2 3 4 5 6 |  6.9
Unarmed Combat | 4 5 6 7 |  7.9
Fighting       | |  1.0
Dodging        | |  1.3
Spellcasting   | |  1.5

Action                   |  1- 3 |  4- 6 |  7- 9 || total
-------------------------+-------+-------+-------++-------
Melee: Unarmed           |   113 |   176 |   128 ||   417
       Kick              |    31 |    30 |    26 ||    87
       Headbutt          |     9 |    15 |    17 ||    41
       Punch             |     2 |     3 |     2 ||     7
Throw: Dart              |       |     8 |     4 ||    12
 Cast: Beastly Appendage |    26 |    24 |    22 ||    72
       Sticks to Snakes  |     2 |    10 |     6 ||    18
       Spider Form       |       |       |     2 ||     2
  Use: Scroll            |       |     5 |     4 ||     9
       Potion            |       |     1 |     1 ||     2
 Stab: Distracted        |     1 |     1 |       ||     2
  Eat: Chunk             |     4 |     3 |     6 ||    13
       Ration            |       |     2 |     2 ||     4
Armor: Robe              |     8 |    35 |    17 ||    60
       Leather armour    |    21 |     1 |       ||    22
       Skin              |       |     1 |       ||     1
Dodge: Dodged            |    48 |    68 |    52 ||   168
